 Dungeon Crawl Stone Soup version 0.22-a0-619-ga0c6fd2 (webtiles) character file.

224 Amnesiac the Conjurer (level 5, -1/35 HPs)
             Began as a Mummy Wizard on July 14, 2018.
             Slain by a worker ant (7 damage)
             ... on level 3 of the Dungeon.
             The game lasted 00:05:32 (4455 turns).

Amnesiac the Conjurer (Mummy Wizard)                Turns: 4455, Time: 00:05:33

Health: -1/35      AC:  2    Str: 15    XL:     5   Next: 67%
Magic:  3/11       EV: 12    Int: 18    God:
Gold:   86         SH:  0    Dex: 10    Spells: 2/13 levels left

rFire    x . .     SeeInvis .   a - +1 mace (drain)
rCold    + . .     Gourm    .   (no shield)
rNeg     + + +     Faith    +   g - +0 robe
rPois    ∞         Spirit   .   (no helmet)
rElec    .         Reflect  .   (no cloak)
rCorr    .         Harm     .   (no gloves)
MR       .....                  (no boots)
Stlth    ++........             l - amulet of faith
HPRegen  0.11/turn              f - +4 ring of strength
MPRegen  0.12/turn              (no ring)

@: very slightly contaminated
A: no food or potions, fire vulnerability, cold resistance 1, negative energy
resistance 3, torment resistance, unbreathing
a: no special abilities


You were on level 3 of the Dungeon.
You were not hungry.

You visited 1 branch of the dungeon, and saw 4 of its levels.

You collected 86 gold pieces.

Inventory:

Hand Weapons
 a - a +1 mace of draining (weapon)
 b - a +1 dagger of venom
Armour
 g - a +0 robe (worn)
Jewellery
 f - a +4 ring of strength (left hand)
 l - an amulet of faith (around neck)
Wands
 j - a wand of acid (10)
Scrolls
 c - 2 scrolls of amnesia {!r}
 d - a scroll of identify {!r}
 e - a scroll of remove curse {!r}
 h - 2 scrolls of teleportation {!r, unknown}
 i - a scroll of immolation {!r, unknown}
 k - a scroll of magic mapping {!r, unknown}


   Skills:
 - Level 1.5 Dodging
 - Level 1.5 Stealth
 + Level 4.5 Spellcasting
 * Level 4.5 Conjurations
 - Level 0.7 Summonings
 - Level 0.7 Translocations


You had 2 spell levels left.
You knew the following spells:

 Your Spells              Type           Power        Failure   Level  Hunger
a - Magic Dart            Conj           ###.         2%          1    N/A
b - Call Imp              Summ           #.......     16%         2    N/A
e - Mephitic Cloud        Conj/Pois/Air  #.......     22%         3    N/A
s - Conjure Flame         Conj/Fire      ##......     17%         3    N/A
v - Blink                 Tloc           N/A          16%         2    N/A

Your spell library contained the following spells:

 Spells                   Type           Power        Failure   Level  Hunger
 Slow                     Hex            #.......     22%         2    N/A

Dungeon Overview and Level Annotations

Branches:
Dungeon (4/15)
 Temple: D:4-7

Altars:
Okawaru
Qazlal

Annotations:
D:2 exclusion: door
D:3 9 exclusions


Innate Abilities, Weirdness & Mutations

You do not eat or drink.
Your flesh is vulnerable to fire.
You are immune to poison.
Your flesh is cold resistant. (rC+)
You are immune to negative energy. (rN+++)
You are immune to unholy pain and torment.
You can survive without breathing.


Message History

No target in view!
No target in view!
You see here an enchanted flail.
There is a stone staircase leading down here.
You climb downwards.
The worker ant bites you. The worker ant closely misses you.
The orc priest invokes the aid of Beogh against you.
Beogh smites you!
There is a stone staircase leading up here.
The worker ant closely misses you.
The orc priest casts a cantrip, but nothing happens.
You climb upwards.
Level annotation: 9 exclusions
There is a stone staircase leading down here.
Casting: Mephitic Cloud (safe; 22% risk of failure)
Confirm with . or Enter, or press ? or * to list all spells.
Aiming: Mephitic Cloud (safe; 22% risk of failure)
Press: ? - help, Shift-Dir - straight line, f - worker ant
Aim: a worker ant You miscast Mephitic Cloud.
You are very lightly contaminated with residual magic.
The worker ant bites you.
* * * LOW HITPOINT WARNING * * *
The worker ant bites you.
* * * LOW HITPOINT WARNING * * *
You closely miss the worker ant. The worker ant bites you.
* * * LOW HITPOINT WARNING * * *
You see here an enchanted flail.
Unknown command.
Unknown command.
Unknown command.
The worker ant is engulfed in noxious fumes.
The worker ant appears confused.
Unknown command.
Casting: Mephitic Cloud (safe; 22% risk of failure)
Confirm with . or Enter, or press ? or * to list all spells.
Aiming: Mephitic Cloud (safe; 22% risk of failure)
Press: ? - help, Shift-Dir - straight line, f/p - worker ant
Aim: a worker ant (confused)
The ball explodes into a vile cloud!
The stinking cloud engulfs the worker ant.
You hear a shout!
The worker ant is engulfed in noxious fumes.
Casting: Mephitic Cloud (safe; 22% risk of failure)
Confirm with . or Enter, or press ? or * to list all spells.
Aiming: Mephitic Cloud (safe; 22% risk of failure)
Press: ? - help, Shift-Dir - straight line, f/p - worker ant
Aim: a worker ant (confused)
The ball explodes into a vile cloud!
The stinking cloud engulfs the worker ant.
The worker ant is engulfed in noxious fumes.
The worker ant appears confused.
You are too injured to fight recklessly!
You are too injured to fight recklessly!
You are too injured to fight recklessly!
The worker ant is engulfed in noxious fumes.
You hit the worker ant.
The worker ant is lightly wounded.
The worker ant is engulfed in noxious fumes.
The worker ant appears confused.
The worker ant bites itself but does no damage.
The worker ant is engulfed in noxious fumes.
The worker ant bites you!
You die...

#.# ####.# ..!#.##########
...#..........#########
...####....>..#.......#
...# #..<....#§§§....# ...#
#.......#§.§....###########
...#
#.......#>§§....#......<...
####
#.....%.')@a.......###..###
.).#
#.......#..........###.....
##g#
#.......########.#.......##
#.# #...!...#
#.....#.###.#.## ##.##
######### #.....#.# #.....
....# #.....#.#####.##
....# ####..#.#.......
(...# ######..#.........
..g.# #....#....#.......


You could see a worker ant (confused).

Vanquished Creatures
  An orc wizard (D:3)
  Natasha (D:2)
  8 gnolls
  2 adders (D:2)
  An ooze (D:3)
  3 dart slugs
  2 leopard geckos
  2 orcs (D:3)
  8 hobgoblins
  7 jackals
  3 quokkas
  4 bats
  A frilled lizard (D:2)
  7 goblins
  14 kobolds
  A quokka skeleton (D:4)
  4 rats (D:1)
69 creatures vanquished.

Vanquished Creatures (collateral kills)
  A worm (D:2)
1 creature vanquished.

Vanquished Creatures (others)
  4 toadstools (D:2)
4 creatures vanquished.

Grand Total: 74 creatures vanquished

Notes
Turn   | Place    | Note
-------+----------+-------------------------------------------
     0 | D:1      | Amnesiac the Mummy Wizard began the quest for the Orb.
     0 | D:1      | Reached XP level 1. HP: 13/13 MP: 5/5
    86 | D:1      | Reached skill level 1 in Conjurations
   279 | D:1      | Reached XP level 2. HP: 19/19 MP: 2/7
   289 | D:1      | Learned a level 2 spell: Call Imp
  1245 | D:2      | Reached XP level 3. HP: 24/24 MP: 4/8
  1250 | D:2      | Learned a level 3 spell: Conjure Flame
  1254 | D:2      | Learned a level 3 spell: Mephitic Cloud
  1317 | D:2      | Noticed Natasha
  1987 | D:2      | Reached XP level 4. HP: 30/30 MP: 6/10
  1991 | D:2      | Learned a level 2 spell: Blink
  2140 | D:2      | Found a stormy altar of Qazlal.
  2404 | D:2      | Killed Natasha
  2612 | D:2      | Reached XP level 5. HP: 16/35 MP: 6/11
  4137 | D:4      | Found an iron altar of Okawaru.
  4455 | D:3      | Slain by a worker ant

Vault maps used:
D:1:      dpeg_arrival_round_b
D:2:      cheibrodos_fertilizer, nicolae_qazlal_general_emergency,
          kennysheep_generic_room_9, uniq_natasha
D:3:      minmay_goblin_kobold_castle, lemuel_doored_altar, first_ration,
          uniq_robin
D:4:      corexii_shack_village, okawaru_metal_pillars_3

Skill      XL: |  1  2  3  4 |
---------------+-------------+-----
Conjurations   | 1 2 3 4 |  4.5
Dodging        | |  1.5
Stealth        | |  1.5
Spellcasting   | |  4.5
Summonings     | |  0.7
Translocations | |  0.7

Action                   |  1- 3 |  4- 6 || total
-------------------------+-------+-------++-------
Melee: Unarmed           |    20 |       ||    20
       Flail             |    10 |       ||    10
       Mace              |       |   102 ||   102
 Cast: Magic Dart        |    70 |    27 ||    97
       Call Imp          |     3 |       ||     3
       Mephitic Cloud    |     1 |     6 ||     7
  Use: Scroll            |     4 |       ||     4
 Stab: Confused          |       |     2 ||     2
Armor: Robe              |     5 |    18 ||    23
Dodge: Dodged            |    32 |   103 ||   135

Table legend:
 A = Spawn XP
 B = Non-spawn XP
 C = Spawn XP percentage of total XP
 D = Spawn monster count
 E = Non-spawn monster count
 F = Spawn count percentage of total count
 G = Total turns spent on level
                    A         B        C        D         E        F      G
               +---------+---------+-------+---------+---------+-------+---------
         Total |       0 |     321 |   0.0 |       0 |      70 |   0.0 |  4455
               +---------+---------+-------+---------+---------+-------+---------
           D:1 |       0 |      50 |   0.0 |       0 |      24 |   0.0 |  1703
           D:2 |       0 |     177 |   0.0 |       0 |      25 |   0.0 |  1297
           D:3 |       0 |      88 |   0.0 |       0 |      18 |   0.0 |  1148
           D:4 |       0 |       6 |   0.0 |       0 |       3 |   0.0 |   307
               +---------+---------+-------+---------+---------+-------+---------
